OTTAWA vs DETROIT

Created - Friday, April 06, 2018 at 16:42

Goals
1 2 3 T
OTTAWA 0 1 0 1
DETROIT 5 0 1 6
Shots
1 2 3 T
OTTAWA 11 7 11 29
DETROIT 16 12 8 36

1st period

1. DETROIT , Luke Glendening 21 (Yanni Gourde 14, Nick Schultz 13) at 4:07
2. DETROIT , Dustin Brown 16 (Aaron Ekblad 34) at 4:23
3. DETROIT , Matt Martin 3 (Nick Schultz 14, Jay McClement 1) at 5:42
4. DETROIT , T.J. Oshie 41 (Steven Stamkos 35, Taylor Hall 51) at 9:01
5. DETROIT , T.J. Oshie 42 (Aaron Ekblad 35, Steven Stamkos 36) at 19:42

Penalties :
Ryan Reaves (DET) for Roughing (Minor) at 13:05, Nick Schultz (DET) for Interference (Minor) at 15:23

2nd period

6. OTTAWA , Nick Foligno 30 (Marcus Sorensen 8, Ryan Suter 47) at 2:38

Penalties :
Josh Gorges (DET) for Holding (Minor) at 6:40, Dominik Simon (OTT) for Hooking (Minor) at 6:40, Nick Foligno (OTT) for Holding (Minor) at 14:12, Kyle Palmieri (DET) for Slashing (Minor) at 19:04

3rd period

7. DETROIT , Aaron Ekblad 11 (Luke Glendening 21) at 15:48

Penalties :
Justin Schultz (OTT) for Holding (Minor) at 10:12, Aaron Ekblad (DET) for High sticking (Minor) at 13:38, Ryan Reaves (DET) for Fighting (Major) at 15:38, Jamie McBain (OTT) for Fighting (Major) at 15:38

Goalie Stats

Connor Hellebuyck (OTT), 30 saves from 36 shots - (0.833), L, 26-41-3, 60:00 minutes
John Gibson (DET), 28 saves from 29 shots - (0.966), W, 21-13-2, 60:00 minutes

Players Stats for OTTAWA

Player Name              G  A  P  +/- PIM S  H  SB GA TA FO     MP     PP MP  PK MP  
------------------------------------------------------------------------------------
Andrew Ladd              0  0  0  -2  0   1  0  1  0  0  2/5    21:48   4:34   2:46 
Anton Slepyshev          0  0  0  -1  0   0  0  0  0  0  0/5     4:05   0:00   0:00 
Brandon Davidson         0  0  0   0  0   1  2  3  0  0  0/0    16:37   4:53   0:00 
Dean Kukan               0  0  0   0  0   0  0  0  0  0  0/0     0:00   0:00   0:00 
Dennis Wideman           0  0  0  -1  0   0  1  4  0  0  0/0     5:53   0:00   0:00 
Dominik Simon            0  0  0  -1  2   1  0  1  0  0  10/15  14:11   0:00   0:50 
Eric Fehr                0  0  0  -2  0   4  1  0  0  0  1/1    18:18   4:34   0:00 
Jamie McBain             0  0  0  -1  5   0  0  1  0  0  0/0     5:12   0:00   0:00 
Jeff Schultz             0  0  0   0  0   0  3  0  0  0  0/0    13:13   0:00   0:43 
Jiri Hudler              0  0  0  -1  0   1  0  0  0  0  7/9    18:52   4:34   1:02 
Jordan Eberle            0  0  0  -1  0   4  0  2  0  0  1/3    20:39   3:22   1:00 
Justin Schultz           0  0  0  -1  2   1  1  0  0  0  0/0    19:57   3:03   0:55 
Marcus Sorensen          0  1  1  -2  0   1  0  0  0  0  6/23   19:15   0:00   0:00 
Mark Stuart              0  0  0  -3  0   0  2  0  0  0  0/0    16:37   0:00   2:20 
Matt Irwin               0  0  0   0  0   0  0  0  0  0  0/0     0:00   0:00   0:00 
Nick Foligno             1  0  1  -2  2   9  2  1  0  0  1/1    23:43   3:22   0:14 
Oskar Sundqvist          0  0  0  -2  0   1  4  0  0  0  5/24   13:44   0:00   0:00 
Ryan Suter               0  1  1  -3  0   3  1  2  0  0  0/0    21:48   4:53   2:20 
Viktor Stalberg          0  0  0  -1  0   0  4  0  0  0  2/6    19:26   3:22   2:04 
Zach Bogosian            0  0  0  -1  0   2  3  0  0  0  0/0    20:41   3:03   1:38 

Players Stats for DETROIT

Player Name              G  A  P  +/- PIM S  H  SB GA TA FO     MP     PP MP  PK MP  
------------------------------------------------------------------------------------
Aaron Ekblad             1  2  3   2  2   4  2  3  0  0  0/0    24:53   1:30   3:09 
Alex Galchenyuk          0  0  0   1  0   2  1  0  0  0  9/16   17:10   1:30   0:00 
Cody Goloubef            0  0  0   3  0   0  1  0  0  0  0/0    14:36   0:00   0:50 
Dustin Brown             1  0  1   1  0   2  2  1  0  0  0/1    18:02   1:30   0:52 
Jay McClement            0  1  1   1  0   0  0  0  0  0  0/1     3:06   0:00   0:00 
Josh Gorges              0  0  0   0  2   1  2  1  0  0  0/0    19:30   2:28   3:45 
Kyle Brodziak            0  0  0   2  0   0  0  0  0  0  11/16   9:27   2:28   1:47 
Kyle Palmieri            0  0  0   1  2   3  0  0  0  0  3/3    19:18   1:30   1:22 
Luke Glendening          1  1  2   2  0   5  1  1  0  0  10/14  12:01   0:00   0:00 
Matt Martin              1  0  1   1  0   3  2  0  0  0  0/0     3:06   0:00   0:00 
Nick Schultz             0  2  2   3  2   1  0  1  0  0  0/0    14:32   0:00   0:00 
Oscar Klefbom            0  0  0   1  0   1  1  3  0  0  0/0    22:51   1:30   4:11 
Ryan Murray              0  0  0   0  0   2  0  0  0  0  0/0    20:18   2:28   3:45 
Ryan Pulock              0  0  0   1  0   0  0  1  0  0  0/0     3:17   0:00   0:12 
Ryan Reaves              0  0  0   1  7   1  3  0  0  0  1/2    11:05   0:00   0:00 
Steven Stamkos           0  2  2   1  0   0  2  0  0  0  16/23  15:20   0:00   0:00 
T.J. Oshie               2  0  2   1  0   7  1  0  0  0  4/4    24:17   2:28   5:17 
Taylor Hall              0  1  1   1  0   4  0  0  0  0  3/11   23:52   2:28   5:17 
Valeri Nichushkin        0  0  0   0  0   0  0  0  0  0  0/0     0:00   0:00   0:00 
Yanni Gourde             0  1  1   2  0   0  0  0  0  0  0/1    13:18   0:00   1:17 

3 Stars

1 - Aaron Ekblad (DET)
2 - T.J. Oshie (DET)
3 - Luke Glendening (DET)

Power Play

OTTAWA - 0 on 4 Attempt(s) - 0.00%
DETROIT - 0 on 2 Attempt(s) - 0.00%

Penalty Kill

OTTAWA - 2 on 2 Attempt(s) - 100.00% - Score 0 goal in Penalty Kill
DETROIT - 4 on 4 Attempt(s) - 100.00% - Score 0 goal in Penalty Kill

Team Stat

OTTAWA - Hits : 24 - Faceoff Wins : 35 - Blocked Shots : 15 - Penalty Minutes : 11
DETROIT - Hits : 18 - Faceoff Wins : 57 - Blocked Shots : 11 - Penalty Minutes : 15

Official

Referees : Unknown
Linesman : Unknown

Game Notes

Ryan Reaves beats up Jamie McBain at 15:38 of 3rd period

Finance

Level 1 -- Attendance: 4385 (73.08%) -- Ticket Income $482,350
Level 2 -- Attendance: 3777 (75.54%) -- Ticket Income $226,620
Level 3 -- Attendance: 1421 (71.05%) -- Ticket Income $56,840
Level 4 -- Attendance: 2697 (67.43%) -- Ticket Income $67,425
Luxury Box -- Attendance: 1000 (100.00%) -- Ticket Income $180,000
Game was played at the Little Caesars Arena.
Total Attendance: 13280 (73.78%)
Total Ticket Income: $1,013,235
Total Income: $1,013,235

OTTAWA

5 vs 5 Forward 
   Center                   Left Wing                Right Wing               Time % Phy DF OF 
 1 Marcus Sorensen          Nick Foligno             Jordan Eberle            35     1   2  2  
 2 Oskar Sundqvist          Andrew Ladd              Eric Fehr                30     1   2  2  
 3 Dominik Simon            Jiri Hudler              Viktor Stalberg          25     1   2  2  
 4 Anton Slepyshev          Marcus Sorensen          Nick Foligno             10     1   2  2  

5 vs 5 Defense 
   Defense                  Defense                                           Time % Phy DF OF 
 1 Ryan Suter               Mark Stuart                                       35     1   2  2  
 2 Justin Schultz           Zach Bogosian                                     30     1   2  2  
 3 Brandon Davidson         Jeff Schultz                                      25     1   2  2  
 4 Jamie McBain             Dennis Wideman                                    10     1   2  2  

PowerPlay Forward 
   Center                   Left Wing                Right Wing               Time % Phy DF OF 
 1 Viktor Stalberg          Nick Foligno             Jordan Eberle            60     1   2  2  
 2 Jiri Hudler              Andrew Ladd              Eric Fehr                40     1   2  2  

PowerPlay Defense
   Defense                  Defense                                           Time % Phy DF OF 
 1 Ryan Suter               Brandon Davidson                                  60     1   2  2  
 2 Justin Schultz           Zach Bogosian                                     40     1   2  2  

Penalty Kill 4 Players Forward 
   Center                   Wing                     Time % Phy DF OF 
 1 Andrew Ladd              Viktor Stalberg          60     1   2  2  
 2 Jordan Eberle            Nick Foligno             40     1   2  2  

Penalty Kill 4 Players Defense
   Defense                  Defense                  Time % Phy DF OF 
 1 Ryan Suter               Mark Stuart              60     1   2  2  
 2 Justin Schultz           Zach Bogosian            40     1   2  2  

Penalty Kill - 3 Players Forward 
   Forward                                           Time % Phy DF OF 
 1 Nick Foligno                                      60     1   2  2  
 2 Jordan Eberle                                     40     1   2  2  

Penalty Kill - 3 Players Defense
   Defense                  Defense                  Time % Phy DF OF 
 1 Ryan Suter               Jamie McBain             60     1   2  2  
 2 Justin Schultz           Zach Bogosian            40     1   2  2  

4 vs 4 Forward 
   Center                   Wing                     Time % Phy DF OF 
 1 Viktor Stalberg          Andrew Ladd              60     1   2  2  
 2 Jordan Eberle            Nick Foligno             40     1   2  2  

4 vs 4 Defense
   Defense                  Defense                  Time % Phy DF OF 
 1 Ryan Suter               Jeff Schultz             60     1   2  2  
 2 Justin Schultz           Zach Bogosian            40     1   2  2  

Last Minutes Offensive
   Center                   Left Wing                Right Wing               Defense                  Defense                  
   Andrew Ladd              Nick Foligno             Jordan Eberle            Ryan Suter               Mark Stuart              

Last Minutes Defensive
   Center                   Left Wing                Right Wing               Defense                  Defense                  
   Andrew Ladd              Nick Foligno             Jordan Eberle            Ryan Suter               Mark Stuart              

Goaltenders
Starting : Connor Hellebuyck        
Backup : Carter Hutton            

Extra Forwards
Normal : Viktor Stalberg, Jiri Hudler, Dominik Simon - PP : Viktor Stalberg, Jiri Hudler - PK : Dominik Simon
Extra Defensemen
Normal : Brandon Davidson, Jeff Schultz, Jamie McBain - PP : Brandon Davidson - PK : Jeff Schultz, Jamie McBain
Penalty Shots
Jiri Hudler, Viktor Stalberg, Jordan Eberle, Nick Foligno, Andrew Ladd

Scratches
OTT CAP HIT (Suspend), Eddie Lack (Healthy)

DETROIT

5 vs 5 Forward 
   Center                   Left Wing                Right Wing               Time % Phy DF OF 
 1 Steven Stamkos           Taylor Hall              T.J. Oshie               35     1   2  2  
 2 Alex Galchenyuk          Dustin Brown             Kyle Palmieri            30     1   2  2  
 3 Luke Glendening          Yanni Gourde             Ryan Reaves              25     1   3  1  
 4 Kyle Brodziak            Matt Martin              Jay McClement            10     1   3  1  

5 vs 5 Defense 
   Defense                  Defense                                           Time % Phy DF OF 
 1 Aaron Ekblad             Oscar Klefbom                                     35     1   2  2  
 2 Josh Gorges              Ryan Murray                                       30     1   2  2  
 3 Nick Schultz             Cody Goloubef                                     25     1   2  2  
 4 Ryan Pulock              Aaron Ekblad                                      10     1   2  2  

PowerPlay Forward 
   Center                   Left Wing                Right Wing               Time % Phy DF OF 
 1 Kyle Brodziak            Taylor Hall              T.J. Oshie               60     1   2  2  
 2 Alex Galchenyuk          Dustin Brown             Kyle Palmieri            40     1   2  2  

PowerPlay Defense
   Defense                  Defense                                           Time % Phy DF OF 
 1 Aaron Ekblad             Oscar Klefbom                                     60     1   2  2  
 2 Josh Gorges              Ryan Murray                                       40     1   2  2  

Penalty Kill 4 Players Forward 
   Center                   Wing                     Time % Phy DF OF 
 1 Taylor Hall              T.J. Oshie               60     1   2  2  
 2 Kyle Brodziak            Kyle Palmieri            40     1   2  2  

Penalty Kill 4 Players Defense
   Defense                  Defense                  Time % Phy DF OF 
 1 Aaron Ekblad             Oscar Klefbom            60     1   2  2  
 2 Josh Gorges              Ryan Murray              40     1   2  2  

Penalty Kill - 3 Players Forward 
   Forward                                           Time % Phy DF OF 
 1 T.J. Oshie                                        60     1   2  2  
 2 Kyle Brodziak                                     40     1   2  2  

Penalty Kill - 3 Players Defense
   Defense                  Defense                  Time % Phy DF OF 
 1 Aaron Ekblad             Oscar Klefbom            60     1   2  2  
 2 Josh Gorges              Ryan Murray              40     1   2  2  

4 vs 4 Forward 
   Center                   Wing                     Time % Phy DF OF 
 1 Kyle Brodziak            T.J. Oshie               60     1   2  2  
 2 Taylor Hall              Kyle Palmieri            40     1   2  2  

4 vs 4 Defense
   Defense                  Defense                  Time % Phy DF OF 
 1 Aaron Ekblad             Oscar Klefbom            60     1   2  2  
 2 Josh Gorges              Ryan Murray              40     1   2  2  

Last Minutes Offensive
   Center                   Left Wing                Right Wing               Defense                  Defense                  
   Steven Stamkos           Taylor Hall              T.J. Oshie               Aaron Ekblad             Oscar Klefbom            

Last Minutes Defensive
   Center                   Left Wing                Right Wing               Defense                  Defense                  
   Steven Stamkos           Taylor Hall              T.J. Oshie               Aaron Ekblad             Oscar Klefbom            

Goaltenders
Starting : John Gibson              
Backup : Michael Hutchinson       

Extra Forwards
Normal : Luke Glendening, Kyle Brodziak, Yanni Gourde - PP : Luke Glendening, Kyle Brodziak - PK : Yanni Gourde
Extra Defensemen
Normal : Nick Schultz, Cody Goloubef, Ryan Pulock - PP : Nick Schultz - PK : Cody Goloubef, Ryan Pulock
Penalty Shots
Steven Stamkos, T.J. Oshie, Taylor Hall, Kyle Palmieri, Dustin Brown

Scratches
DET CAP HIT (Suspend)

% Time on Ice - OTTAWA

Lines # - Real PCT - Wanted PCT - Time Play
Normal Forward
1 - 33% - 35% - 15:10
2 - 30% - 30% - 13:44
3 - 28% - 25% - 13:08
4 - 9% - 10% - 4:05
Normal Defense
1 - 30% - 35% - 13:43
2 - 32% - 30% - 14:53
3 - 25% - 25% - 11:38
4 - 13% - 10% - 5:53
PP Forward
1 - 42% - 60% - 3:22
2 - 58% - 40% - 4:34
PP Defense
1 - 62% - 60% - 4:53
2 - 38% - 40% - 3:03
PK Forward
1 - 75% - 60% - 2:58
2 - 25% - 40% - 1:00
PK Defense
1 - 59% - 60% - 2:20
2 - 41% - 40% - 1:38
PK3 Forward
1 - 0% - 60%
2 - 0% - 40%
PK3 Defense
1 - 0% - 60%
2 - 0% - 40%
44 Forward
1 - 44% - 60% - 0:52
2 - 56% - 40% - 1:07
44 Defense
1 - 44% - 60% - 0:52
2 - 56% - 40% - 1:07
Last Minute Offensive  - 0:00
Last Minute Defensive  - 0:00
Total
Forward - 60:00
Defense - 60:00

% Time on Ice - DETROIT

Lines # - Real PCT - Wanted PCT - Time Play
Normal Forward
1 - 33% - 35% - 15:20
2 - 34% - 30% - 15:40
3 - 26% - 25% - 12:01
4 - 7% - 10% - 3:06
Normal Defense
1 - 35% - 35% - 15:58
2 - 29% - 30% - 13:18
3 - 30% - 25% - 13:46
4 - 7% - 10% - 3:05
PP Forward
1 - 62% - 60% - 2:28
2 - 38% - 40% - 1:30
PP Defense
1 - 38% - 60% - 1:30
2 - 62% - 40% - 2:28
PK Forward
1 - 78% - 60% - 6:09
2 - 22% - 40% - 1:47
PK Defense
1 - 53% - 60% - 4:11
2 - 47% - 40% - 3:45
PK3 Forward
1 - 0% - 60%
2 - 0% - 40%
PK3 Defense
1 - 0% - 60%
2 - 0% - 40%
44 Forward
1 - 61% - 60% - 1:12
2 - 39% - 40% - 0:47
44 Defense
1 - 61% - 60% - 1:12
2 - 39% - 40% - 0:47
Last Minute Offensive  - 0:00
Last Minute Defensive  - 0:00
Total
Forward - 60:00
Defense - 60:00

Play-by-Play

1st period


0:01 of 1st period - T.J. Oshie wins face-off versus Marcus Sorensen in neutral zone.
1:26 of 1st period - Josh Gorges is hit by Oskar Sundqvist and loses puck.
2:35 of 1st period - Shot by Luke Glendening.
2:35 of 1st period - Stopped by Connor Hellebuyck without a rebound.
2:36 of 1st period - Kyle Brodziak wins face-off versus Marcus Sorensen in OTTAWA zone.
2:47 of 1st period - Shot by Nick Foligno.
2:47 of 1st period - Shot Misses the Net.
2:49 of 1st period - Shot by Jordan Eberle.
2:49 of 1st period - Shot Blocked by Aaron Ekblad.
2:53 of 1st period - Shot by Jordan Eberle.
2:53 of 1st period - Deflect By Nick Foligno.
2:53 of 1st period - Shot Blocked by Aaron Ekblad.
2:55 of 1st period - Shot by Mark Stuart.
2:55 of 1st period - Shot Misses the Net.
2:59 of 1st period - Shot by Jordan Eberle.
2:59 of 1st period - Stopped by John Gibson without a rebound.
3:00 of 1st period - Steven Stamkos wins face-off versus Oskar Sundqvist in DETROIT zone.
3:54 of 1st period - Zach Bogosian is hit by Ryan Reaves and loses puck.
4:07 of 1st period - Shot by Yanni Gourde.
4:07 of 1st period - Deflect By Luke Glendening.
4:07 of 1st period - Goal by Luke Glendening - OTTAWA : 0 - DETROIT : 1.
4:08 of 1st period - Nick Foligno wins face-off versus Alex Galchenyuk in neutral zone.
4:20 of 1st period - Dustin Brown is hit by Mark Stuart and loses puck.
4:23 of 1st period - Shot by Dustin Brown.
4:23 of 1st period - Goal by Dustin Brown - OTTAWA : 0 - DETROIT : 2.
4:24 of 1st period - Luke Glendening wins face-off versus Dominik Simon in neutral zone.
4:31 of 1st period - Shot by Yanni Gourde.
4:31 of 1st period - Shot Misses the Net.
4:33 of 1st period - Shot by Luke Glendening.
4:33 of 1st period - Shot Misses the Net.
4:37 of 1st period - Shot by Ryan Reaves.
4:37 of 1st period - Shot Hit the Post.
4:39 of 1st period - Shot by Nick Schultz.
4:39 of 1st period - Deflect By Yanni Gourde.
4:39 of 1st period - Shot Misses the Net.
4:41 of 1st period - Shot by Ryan Reaves.
4:41 of 1st period - Shot Misses the Net.
4:43 of 1st period - Shot by Luke Glendening.
4:43 of 1st period - Deflect By Ryan Reaves.
4:43 of 1st period - Shot Blocked by Dennis Wideman.
4:45 of 1st period - Shot by Ryan Reaves.
4:45 of 1st period - Stopped by Connor Hellebuyck without a rebound.
4:46 of 1st period - Kyle Palmieri wins face-off versus Anton Slepyshev in OTTAWA zone.
5:17 of 1st period - Shot by Dustin Brown.
5:17 of 1st period - Stopped by Connor Hellebuyck without a rebound.
5:18 of 1st period - Dominik Simon wins face-off versus Kyle Brodziak in OTTAWA zone.
5:23 of 1st period - Kyle Brodziak is hit by Viktor Stalberg and loses puck.
5:40 of 1st period - Shot by Nick Schultz.
5:40 of 1st period - Shot Blocked by Dominik Simon.
5:42 of 1st period - Shot by Matt Martin.
5:42 of 1st period - Goal by Matt Martin - OTTAWA : 0 - DETROIT : 3.
5:43 of 1st period - Ryan Reaves wins face-off versus Oskar Sundqvist in neutral zone.
5:46 of 1st period - Shot by Yanni Gourde.
5:46 of 1st period - Shot Blocked by Dennis Wideman.
5:51 of 1st period - Andrew Ladd is hit by Ryan Reaves and loses puck.
6:38 of 1st period - Shot by Ryan Suter.
6:38 of 1st period - Shot Blocked by Luke Glendening.
6:40 of 1st period - Shot by Nick Foligno.
6:40 of 1st period - Shot Blocked by Ryan Pulock.
6:42 of 1st period - Shot by Mark Stuart.
6:42 of 1st period - Shot Misses the Net.
6:47 of 1st period - Icing by Aaron Ekblad.
6:48 of 1st period - Luke Glendening wins face-off versus Dominik Simon in DETROIT zone.
7:17 of 1st period - Yanni Gourde is hit by Viktor Stalberg and loses puck.
8:24 of 1st period - Shot by Jordan Eberle.
8:24 of 1st period - Stopped by John Gibson without a rebound.
8:25 of 1st period - Steven Stamkos wins face-off versus Oskar Sundqvist in DETROIT zone.
8:35 of 1st period - Taylor Hall is hit by Oskar Sundqvist and loses puck.
8:41 of 1st period - Icing by Steven Stamkos.
8:42 of 1st period - Steven Stamkos wins face-off versus Oskar Sundqvist in DETROIT zone.
8:55 of 1st period - Shot by Steven Stamkos.
8:55 of 1st period - Shot Blocked by Dennis Wideman.
8:57 of 1st period - Shot by T.J. Oshie.
8:57 of 1st period - Shot Blocked by Dennis Wideman.
8:59 of 1st period - Shot by Steven Stamkos.
8:59 of 1st period - Shot Misses the Net.
9:01 of 1st period - Shot by T.J. Oshie.
9:01 of 1st period - Goal by T.J. Oshie - OTTAWA : 0 - DETROIT : 4.
9:02 of 1st period - Kyle Brodziak wins face-off versus Marcus Sorensen in neutral zone.
9:10 of 1st period - Off-side.
9:11 of 1st period - Dominik Simon wins face-off versus Alex Galchenyuk in neutral zone.
9:24 of 1st period - Justin Schultz is hit by Alex Galchenyuk and loses puck.
9:31 of 1st period - Shot by Alex Galchenyuk.
9:31 of 1st period - Deflect By Dustin Brown.
9:31 of 1st period - Shot Misses the Net.
9:34 of 1st period - Dustin Brown is hit by Zach Bogosian and loses puck.
9:42 of 1st period - Kyle Palmieri is hit by Justin Schultz and loses puck.
9:48 of 1st period - Dustin Brown is hit by Zach Bogosian and loses puck.
10:19 of 1st period - Shot by Steven Stamkos.
10:19 of 1st period - Shot Misses the Net.
10:22 of 1st period - Icing by Mark Stuart.
10:23 of 1st period - Marcus Sorensen wins face-off versus Kyle Brodziak in OTTAWA zone.
10:23 of 1st period - Marcus Sorensen is hit by Matt Martin.
10:26 of 1st period - Ryan Suter is hit by Matt Martin and loses puck.
10:32 of 1st period - Icing by Ryan Suter.
10:33 of 1st period - Steven Stamkos wins face-off versus Marcus Sorensen in OTTAWA zone.
10:34 of 1st period - Shot by T.J. Oshie.
10:34 of 1st period - Stopped by Connor Hellebuyck without a rebound.
10:35 of 1st period - Steven Stamkos wins face-off versus Oskar Sundqvist in OTTAWA zone.
10:52 of 1st period - Shot by Taylor Hall.
10:52 of 1st period - Deflect By Steven Stamkos.
10:52 of 1st period - Shot Blocked by Andrew Ladd.
10:54 of 1st period - Shot by Steven Stamkos.
10:54 of 1st period - Shot Misses the Net.
10:56 of 1st period - Shot by Steven Stamkos.
10:56 of 1st period - Deflect By Taylor Hall.
10:56 of 1st period - Stopped by Connor Hellebuyck without a rebound.
10:57 of 1st period - Alex Galchenyuk wins face-off versus Marcus Sorensen in OTTAWA zone.
11:30 of 1st period - Shot by Jordan Eberle.
11:30 of 1st period - Shot Blocked by Oscar Klefbom.
11:32 of 1st period - Shot by Marcus Sorensen.
11:32 of 1st period - Stopped by John Gibson without a rebound.
11:33 of 1st period - Oskar Sundqvist wins face-off versus Steven Stamkos in DETROIT zone.
11:52 of 1st period - Shot by T.J. Oshie.
11:52 of 1st period - Deflect By Taylor Hall.
11:52 of 1st period - Shot Misses the Net.
11:54 of 1st period - Shot by Nick Schultz.
11:54 of 1st period - Stopped by Connor Hellebuyck without a rebound.
11:55 of 1st period - Dominik Simon wins face-off versus Jay McClement in OTTAWA zone.
12:08 of 1st period - Shot by Matt Martin.
12:08 of 1st period - Stopped by Connor Hellebuyck without a rebound.
12:09 of 1st period - Marcus Sorensen wins face-off versus Steven Stamkos in OTTAWA zone.
12:16 of 1st period - Shot by Nick Foligno.
12:16 of 1st period - Shot Blocked by Aaron Ekblad.
13:05 of 1st period - Minor Penalty to Ryan Reaves for Roughing.
13:06 of 1st period - Jiri Hudler wins face-off versus Taylor Hall in DETROIT zone.
13:07 of 1st period - Shot by Brandon Davidson.
13:07 of 1st period - Stopped by John Gibson without a rebound.
13:08 of 1st period - Taylor Hall wins face-off versus Jiri Hudler in DETROIT zone.
13:38 of 1st period - Shot by Brandon Davidson.
13:38 of 1st period - Shot Misses the Net.
14:46 of 1st period - Shot by Andrew Ladd.
14:46 of 1st period - Shot Misses the Net.
14:48 of 1st period - Shot by Eric Fehr.
14:48 of 1st period - Stopped by John Gibson without a rebound.
14:49 of 1st period - Viktor Stalberg wins face-off versus Taylor Hall in DETROIT zone.
14:52 of 1st period - Shot by Nick Foligno.
14:52 of 1st period - Shot Blocked by Oscar Klefbom.
15:18 of 1st period - Icing by Nick Schultz.
15:19 of 1st period - Kyle Brodziak wins face-off versus Oskar Sundqvist in DETROIT zone.
15:23 of 1st period - Minor Penalty to Nick Schultz for Interference.
15:24 of 1st period - Jiri Hudler wins face-off versus Taylor Hall in DETROIT zone.
16:13 of 1st period - Shot by Ryan Suter.
16:13 of 1st period - Stopped by John Gibson without a rebound.
16:14 of 1st period - Kyle Brodziak wins face-off versus Viktor Stalberg in DETROIT zone.
16:23 of 1st period - Shot by Kyle Palmieri.
16:23 of 1st period - Stopped by Connor Hellebuyck without a rebound.
16:24 of 1st period - Taylor Hall wins face-off versus Viktor Stalberg in OTTAWA zone.
17:16 of 1st period - Shot by Zach Bogosian.
17:16 of 1st period - Stopped by John Gibson without a rebound.
17:17 of 1st period - Eric Fehr wins face-off versus Kyle Brodziak in DETROIT zone.
17:43 of 1st period - Shot by Ryan Reaves.
17:43 of 1st period - Shot Misses the Net.
17:45 of 1st period - Shot by Luke Glendening.
17:45 of 1st period - Stopped by Connor Hellebuyck without a rebound.
17:46 of 1st period - Alex Galchenyuk wins face-off versus Oskar Sundqvist in OTTAWA zone.
18:20 of 1st period - Shot by Oskar Sundqvist.
18:20 of 1st period - Shot Blocked by Josh Gorges.
18:34 of 1st period - Shot by Viktor Stalberg.
18:34 of 1st period - Shot Misses the Net.
18:36 of 1st period - Shot by Dominik Simon.
18:36 of 1st period - Shot Misses the Net.
18:40 of 1st period - Shot by Viktor Stalberg.
18:40 of 1st period - Deflect By Dominik Simon.
18:40 of 1st period - Stopped by John Gibson without a rebound.
18:41 of 1st period - Steven Stamkos wins face-off versus Marcus Sorensen in DETROIT zone.
19:00 of 1st period - Shot by Marcus Sorensen.
19:00 of 1st period - Shot Misses the Net.
19:02 of 1st period - Shot by Jordan Eberle.
19:02 of 1st period - Shot Blocked by Oscar Klefbom.
19:04 of 1st period - Shot by Nick Foligno.
19:04 of 1st period - Stopped by John Gibson with a rebound.
19:06 of 1st period - Shot by Nick Foligno.
19:06 of 1st period - Stopped by John Gibson with a rebound.
19:08 of 1st period - Shot by Justin Schultz.
19:08 of 1st period - Stopped by John Gibson without a rebound.
19:09 of 1st period - Dominik Simon wins face-off versus Ryan Reaves in DETROIT zone.
19:24 of 1st period - Shot by Luke Glendening.
19:24 of 1st period - Stopped by Connor Hellebuyck without a rebound.
19:25 of 1st period - Steven Stamkos wins face-off versus Marcus Sorensen in OTTAWA zone.
19:34 of 1st period - Icing by Mark Stuart.
19:35 of 1st period - Steven Stamkos wins face-off versus Marcus Sorensen in OTTAWA zone.
19:37 of 1st period - T.J. Oshie is hit by Ryan Suter and loses puck.
19:42 of 1st period - Shot by T.J. Oshie.
19:42 of 1st period - Goal by T.J. Oshie - OTTAWA : 0 - DETROIT : 5.
19:43 of 1st period - Steven Stamkos wins face-off versus Oskar Sundqvist in neutral zone.
19:45 of 1st period - Taylor Hall is hit by Brandon Davidson and loses puck.
19:49 of 1st period - Icing by Eric Fehr.
19:50 of 1st period - Steven Stamkos wins face-off versus Oskar Sundqvist in OTTAWA zone.
19:55 of 1st period - Shot by Taylor Hall.
19:55 of 1st period - Deflect By T.J. Oshie.
19:55 of 1st period - Stopped by Connor Hellebuyck without a rebound.
19:56 of 1st period - Steven Stamkos wins face-off versus Marcus Sorensen in OTTAWA zone.
Goals for this period are 0 for OTTAWA vs 5 for DETROIT.
Shots for this period are 11 for OTTAWA vs 16 for DETROIT.

2nd period


0:01 of 2nd period - Marcus Sorensen wins face-off versus Steven Stamkos in neutral zone.
0:01 of 2nd period - Marcus Sorensen is hit by Steven Stamkos.
0:11 of 2nd period - Shot by Jordan Eberle.
0:11 of 2nd period - Stopped by John Gibson with a rebound.
0:13 of 2nd period - Shot by Mark Stuart.
0:13 of 2nd period - Shot Misses the Net.
0:37 of 2nd period - Shot by Nick Foligno.
0:37 of 2nd period - Stopped by John Gibson without a rebound.
0:38 of 2nd period - Alex Galchenyuk wins face-off versus Oskar Sundqvist in DETROIT zone.
0:38 of 2nd period - Alex Galchenyuk is hit by Eric Fehr.
1:08 of 2nd period - Jeff Schultz is hit by Dustin Brown and loses puck.
1:55 of 2nd period - Shot by Viktor Stalberg.
1:55 of 2nd period - Shot Misses the Net.
1:57 of 2nd period - Shot by Dominik Simon.
1:57 of 2nd period - Shot Misses the Net.
1:59 of 2nd period - Shot by Zach Bogosian.
1:59 of 2nd period - Stopped by John Gibson without a rebound.
2:00 of 2nd period - Steven Stamkos wins face-off versus Marcus Sorensen in DETROIT zone.
2:00 of 2nd period - Steven Stamkos is hit by Nick Foligno.
2:12 of 2nd period - Shot by Taylor Hall.
2:12 of 2nd period - Stopped by Connor Hellebuyck with a rebound.
2:38 of 2nd period - Shot by Nick Foligno.
2:38 of 2nd period - Goal by Nick Foligno - OTTAWA : 1 - DETROIT : 5.
2:39 of 2nd period - Alex Galchenyuk wins face-off versus Dominik Simon in neutral zone.
2:52 of 2nd period - Shot by Alex Galchenyuk.
2:52 of 2nd period - Stopped by Connor Hellebuyck with a rebound.
2:54 of 2nd period - Shot by Ryan Murray.
2:54 of 2nd period - Stopped by Connor Hellebuyck with a rebound.
2:56 of 2nd period - Shot by Josh Gorges.
2:56 of 2nd period - Stopped by Connor Hellebuyck without a rebound.
2:57 of 2nd period - Luke Glendening wins face-off versus Oskar Sundqvist in OTTAWA zone.
3:26 of 2nd period - Icing by Luke Glendening.
3:27 of 2nd period - Jordan Eberle wins face-off versus Yanni Gourde in DETROIT zone.
4:20 of 2nd period - Off-side.
4:21 of 2nd period - Dominik Simon wins face-off versus Dustin Brown in neutral zone.
4:27 of 2nd period - Icing by Ryan Murray.
4:28 of 2nd period - Oskar Sundqvist wins face-off versus Alex Galchenyuk in DETROIT zone.
4:35 of 2nd period - Shot by Eric Fehr.
4:35 of 2nd period - Stopped by John Gibson without a rebound.
4:36 of 2nd period - Jiri Hudler wins face-off versus Alex Galchenyuk in DETROIT zone.
4:59 of 2nd period - Jiri Hudler is hit by Oscar Klefbom.
5:16 of 2nd period - Viktor Stalberg is hit by Aaron Ekblad and loses puck.
5:24 of 2nd period - Icing by Aaron Ekblad.
5:25 of 2nd period - Kyle Palmieri wins face-off versus Marcus Sorensen in DETROIT zone.
5:54 of 2nd period - Shot by T.J. Oshie.
5:54 of 2nd period - Stopped by Connor Hellebuyck without a rebound.
5:55 of 2nd period - Luke Glendening wins face-off versus Oskar Sundqvist in OTTAWA zone.
6:08 of 2nd period - Shot by Yanni Gourde.
6:08 of 2nd period - Shot Misses the Net.
6:13 of 2nd period - Ryan Reaves is hit by Brandon Davidson.
6:20 of 2nd period - Shot by Luke Glendening.
6:20 of 2nd period - Stopped by Connor Hellebuyck without a rebound.
6:21 of 2nd period - Dominik Simon wins face-off versus Steven Stamkos in OTTAWA zone.
6:21 of 2nd period - Dominik Simon is hit by T.J. Oshie.
6:32 of 2nd period - Taylor Hall is hit by Viktor Stalberg and loses puck.
6:40 of 2nd period - Minor Penalty to Josh Gorges for Holding.
6:40 of 2nd period - Minor Penalty to Dominik Simon for Hooking.
6:41 of 2nd period - Kyle Brodziak wins face-off versus Viktor Stalberg in DETROIT zone.
7:58 of 2nd period - Shot by Kyle Palmieri.
7:58 of 2nd period - Shot Misses the Net.
9:09 of 2nd period - Icing by Ryan Murray.
9:10 of 2nd period - Dominik Simon wins face-off versus Luke Glendening in DETROIT zone.
9:22 of 2nd period - Icing by Josh Gorges.
9:23 of 2nd period - Luke Glendening wins face-off versus Anton Slepyshev in DETROIT zone.
9:23 of 2nd period - Yanni Gourde is hit by Nick Foligno and loses puck.
10:02 of 2nd period - Jeff Schultz is hit by Dustin Brown.
10:22 of 2nd period - Shot by Kyle Palmieri.
10:22 of 2nd period - Shot Blocked by Brandon Davidson.
10:33 of 2nd period - Icing by Alex Galchenyuk.
10:34 of 2nd period - Alex Galchenyuk wins face-off versus Oskar Sundqvist in DETROIT zone.
11:44 of 2nd period - Shot by Steven Stamkos.
11:44 of 2nd period - Shot Misses the Net.
11:46 of 2nd period - Shot by Cody Goloubef.
11:46 of 2nd period - Shot Misses the Net.
11:48 of 2nd period - Shot by T.J. Oshie.
11:48 of 2nd period - Stopped by Connor Hellebuyck without a rebound.
11:49 of 2nd period - Kyle Brodziak wins face-off versus Marcus Sorensen in OTTAWA zone.
12:27 of 2nd period - Shot by Eric Fehr.
12:27 of 2nd period - Stopped by John Gibson without a rebound.
12:28 of 2nd period - Dominik Simon wins face-off versus Steven Stamkos in DETROIT zone.
12:56 of 2nd period - Shot by Steven Stamkos.
12:56 of 2nd period - Shot Hit the Post.
13:33 of 2nd period - Off-side.
13:34 of 2nd period - Kyle Palmieri wins face-off versus Oskar Sundqvist in neutral zone.
14:12 of 2nd period - Minor Penalty to Nick Foligno for Holding.
14:13 of 2nd period - Kyle Brodziak wins face-off versus Andrew Ladd in OTTAWA zone.
14:37 of 2nd period - Shot by Ryan Murray.
14:37 of 2nd period - Stopped by Connor Hellebuyck without a rebound.
14:38 of 2nd period - Alex Galchenyuk wins face-off versus Jordan Eberle in OTTAWA zone.
14:49 of 2nd period - Shot by Dustin Brown.
14:49 of 2nd period - Shot Blocked by Ryan Suter.
15:15 of 2nd period - Shot by Dustin Brown.
15:15 of 2nd period - Deflect By Alex Galchenyuk.
15:15 of 2nd period - Stopped by Connor Hellebuyck without a rebound.
15:16 of 2nd period - Kyle Brodziak wins face-off versus Andrew Ladd in OTTAWA zone.
15:16 of 2nd period - Kyle Brodziak is hit by Zach Bogosian.
16:18 of 2nd period - Off-side.
16:19 of 2nd period - Luke Glendening wins face-off versus Marcus Sorensen in neutral zone.
16:34 of 2nd period - Shot by Luke Glendening.
16:34 of 2nd period - Shot Blocked by Brandon Davidson.
16:36 of 2nd period - Shot by Aaron Ekblad.
16:36 of 2nd period - Stopped by Connor Hellebuyck without a rebound.
16:37 of 2nd period - Dominik Simon wins face-off versus Alex Galchenyuk in OTTAWA zone.
16:52 of 2nd period - Shot by Jiri Hudler.
16:52 of 2nd period - Deflect By Viktor Stalberg.
16:52 of 2nd period - Shot Misses the Net.
17:29 of 2nd period - Off-side.
17:30 of 2nd period - Steven Stamkos wins face-off versus Jordan Eberle in neutral zone.
18:00 of 2nd period - Icing by Ryan Murray.
18:01 of 2nd period - T.J. Oshie wins face-off versus Oskar Sundqvist in DETROIT zone.
18:01 of 2nd period - T.J. Oshie is hit by Oskar Sundqvist.
18:08 of 2nd period - Taylor Hall is hit by Jeff Schultz and loses puck.
18:19 of 2nd period - Shot by T.J. Oshie.
18:19 of 2nd period - Stopped by Connor Hellebuyck without a rebound.
18:20 of 2nd period - Luke Glendening wins face-off versus Marcus Sorensen in OTTAWA zone.
18:23 of 2nd period - Shot by Luke Glendening.
18:23 of 2nd period - Deflect By Yanni Gourde.
18:23 of 2nd period - Shot Blocked by Jamie McBain.
18:25 of 2nd period - Shot by Oscar Klefbom.
18:25 of 2nd period - Stopped by Connor Hellebuyck with a rebound.
18:47 of 2nd period - Shot by Luke Glendening.
18:47 of 2nd period - Shot Misses the Net.
18:49 of 2nd period - Shot by Luke Glendening.
18:49 of 2nd period - Shot Misses the Net.
19:04 of 2nd period - Minor Penalty to Kyle Palmieri for Slashing.
19:05 of 2nd period - Jiri Hudler wins face-off versus Taylor Hall in DETROIT zone.
19:05 of 2nd period - Ryan Suter is hit by Josh Gorges and loses puck.
19:08 of 2nd period - Shot by Ryan Suter.
19:08 of 2nd period - Stopped by John Gibson without a rebound.
19:09 of 2nd period - Jiri Hudler wins face-off versus Taylor Hall in DETROIT zone.
Goals for this period are 1 for OTTAWA vs 0 for DETROIT.
Shots for this period are 7 for OTTAWA vs 12 for DETROIT.

3rd period


0:01 of 3rd period - Taylor Hall wins face-off versus Viktor Stalberg in neutral zone.
0:28 of 3rd period - Shot by Nick Foligno.
0:28 of 3rd period - Stopped by John Gibson with a rebound.
0:30 of 3rd period - Shot by Jordan Eberle.
0:30 of 3rd period - Shot Misses the Net.
0:32 of 3rd period - Shot by Nick Foligno.
0:32 of 3rd period - Stopped by John Gibson with a rebound.
0:34 of 3rd period - Shot by Nick Foligno.
0:34 of 3rd period - Stopped by John Gibson without a rebound.
0:35 of 3rd period - Jiri Hudler wins face-off versus Taylor Hall in DETROIT zone.
0:36 of 3rd period - Shot by Justin Schultz.
0:36 of 3rd period - Shot Misses the Net.
1:13 of 3rd period - Shot by Nick Foligno.
1:13 of 3rd period - Stopped by John Gibson without a rebound.
1:14 of 3rd period - Luke Glendening wins face-off versus Marcus Sorensen in DETROIT zone.
1:37 of 3rd period - Shot by Yanni Gourde.
1:37 of 3rd period - Shot Blocked by Nick Foligno.
1:50 of 3rd period - Icing by Nick Schultz.
1:51 of 3rd period - Oskar Sundqvist wins face-off versus Luke Glendening in DETROIT zone.
2:56 of 3rd period - T.J. Oshie is hit by Jeff Schultz and loses puck.
3:07 of 3rd period - Shot by Viktor Stalberg.
3:07 of 3rd period - Shot Misses the Net.
3:14 of 3rd period - Icing by Ryan Murray.
3:15 of 3rd period - Marcus Sorensen wins face-off versus Steven Stamkos in DETROIT zone.
3:42 of 3rd period - Icing by T.J. Oshie.
3:43 of 3rd period - Oskar Sundqvist wins face-off versus Steven Stamkos in DETROIT zone.
4:11 of 3rd period - Eric Fehr is hit by Aaron Ekblad and loses puck.
5:16 of 3rd period - Shot by Kyle Brodziak.
5:16 of 3rd period - Shot Blocked by Jordan Eberle.
5:35 of 3rd period - Shot by Matt Martin.
5:35 of 3rd period - Stopped by Connor Hellebuyck without a rebound.
5:36 of 3rd period - Dominik Simon wins face-off versus Luke Glendening in OTTAWA zone.
5:36 of 3rd period - Dominik Simon is hit by Ryan Reaves.
6:31 of 3rd period - Nick Foligno is hit by Steven Stamkos and loses puck.
6:42 of 3rd period - Shot by Taylor Hall.
6:42 of 3rd period - Stopped by Connor Hellebuyck without a rebound.
6:43 of 3rd period - Alex Galchenyuk wins face-off versus Oskar Sundqvist in OTTAWA zone.
7:19 of 3rd period - Icing by Nick Schultz.
7:20 of 3rd period - Marcus Sorensen wins face-off versus Alex Galchenyuk in DETROIT zone.
7:29 of 3rd period - Shot by Jordan Eberle.
7:29 of 3rd period - Shot Misses the Net.
7:43 of 3rd period - Shot by Nick Foligno.
7:43 of 3rd period - Shot Misses the Net.
7:45 of 3rd period - Shot by Ryan Suter.
7:45 of 3rd period - Stopped by John Gibson with a rebound.
7:56 of 3rd period - Shot by Jordan Eberle.
7:56 of 3rd period - Shot Misses the Net.
8:37 of 3rd period - Icing by Nick Schultz.
8:38 of 3rd period - Andrew Ladd wins face-off versus Alex Galchenyuk in DETROIT zone.
8:47 of 3rd period - Shot by Andrew Ladd.
8:47 of 3rd period - Shot Misses the Net.
8:49 of 3rd period - Shot by Eric Fehr.
8:49 of 3rd period - Deflect By Andrew Ladd.
8:49 of 3rd period - Shot Blocked by Dustin Brown.
8:51 of 3rd period - Shot by Oskar Sundqvist.
8:51 of 3rd period - Stopped by John Gibson without a rebound.
8:52 of 3rd period - Steven Stamkos wins face-off versus Marcus Sorensen in DETROIT zone.
8:56 of 3rd period - Aaron Ekblad is hit by Dennis Wideman and loses puck.
9:18 of 3rd period - Icing by Aaron Ekblad.
9:19 of 3rd period - Steven Stamkos wins face-off versus Dominik Simon in DETROIT zone.
9:19 of 3rd period - Steven Stamkos is hit by Viktor Stalberg.
10:12 of 3rd period - Minor Penalty to Justin Schultz for Holding.
10:13 of 3rd period - Andrew Ladd wins face-off versus Kyle Brodziak in OTTAWA zone.
11:03 of 3rd period - Shot by Aaron Ekblad.
11:03 of 3rd period - Stopped by Connor Hellebuyck with a rebound.
11:05 of 3rd period - Shot by Aaron Ekblad.
11:05 of 3rd period - Shot Misses the Net.
11:07 of 3rd period - Shot by Alex Galchenyuk.
11:07 of 3rd period - Shot Misses the Net.
11:09 of 3rd period - Shot by Aaron Ekblad.
11:09 of 3rd period - Stopped by Connor Hellebuyck without a rebound.
11:10 of 3rd period - Kyle Brodziak wins face-off versus Andrew Ladd in OTTAWA zone.
11:30 of 3rd period - Taylor Hall is hit by Mark Stuart and loses puck.
11:51 of 3rd period - Shot by Kyle Palmieri.
11:51 of 3rd period - Stopped by Connor Hellebuyck with a rebound.
11:53 of 3rd period - Shot by Oscar Klefbom.
11:53 of 3rd period - Deflect By Alex Galchenyuk.
11:53 of 3rd period - Shot Blocked by Ryan Suter.
11:55 of 3rd period - Shot by Alex Galchenyuk.
11:55 of 3rd period - Shot Misses the Net.
11:59 of 3rd period - Shot by Aaron Ekblad.
11:59 of 3rd period - Shot Misses the Net.
12:15 of 3rd period - Shot by Yanni Gourde.
12:15 of 3rd period - Shot Blocked by Jordan Eberle.
12:37 of 3rd period - Shot by Jordan Eberle.
12:37 of 3rd period - Shot Blocked by Nick Schultz.
12:40 of 3rd period - Icing by Cody Goloubef.
12:41 of 3rd period - Luke Glendening wins face-off versus Anton Slepyshev in DETROIT zone.
12:53 of 3rd period - Jeff Schultz is hit by Cody Goloubef.
12:57 of 3rd period - Shot by Nick Foligno.
12:57 of 3rd period - Stopped by John Gibson without a rebound.
12:58 of 3rd period - Kyle Brodziak wins face-off versus Oskar Sundqvist in DETROIT zone.
13:05 of 3rd period - Shot by Jiri Hudler.
13:05 of 3rd period - Stopped by John Gibson without a rebound.
13:06 of 3rd period - Alex Galchenyuk wins face-off versus Marcus Sorensen in DETROIT zone.
13:38 of 3rd period - Minor Penalty to Aaron Ekblad for High sticking.
13:39 of 3rd period - Jiri Hudler wins face-off versus Taylor Hall in DETROIT zone.
14:39 of 3rd period - Shot by Justin Schultz.
14:39 of 3rd period - Shot Misses the Net.
15:17 of 3rd period - Shot by Andrew Ladd.
15:17 of 3rd period - Stopped by John Gibson with a rebound.
15:19 of 3rd period - Shot by Eric Fehr.
15:19 of 3rd period - Stopped by John Gibson without a rebound.
15:20 of 3rd period - Viktor Stalberg wins face-off versus Taylor Hall in DETROIT zone.
15:31 of 3rd period - Shot by Jordan Eberle.
15:31 of 3rd period - Stopped by John Gibson without a rebound.
15:32 of 3rd period - Kyle Brodziak wins face-off versus Jiri Hudler in DETROIT zone.
15:38 of 3rd period - Ryan Reaves beats up Jamie McBain.
15:38 of 3rd period - Penalty to Ryan Reaves for Fighting.
15:38 of 3rd period - Penalty to Jamie McBain for Fighting.
15:39 of 3rd period - Luke Glendening wins face-off versus Anton Slepyshev in OTTAWA zone.
15:48 of 3rd period - Shot by Aaron Ekblad.
15:48 of 3rd period - Goal by Aaron Ekblad - OTTAWA : 1 - DETROIT : 6.
15:49 of 3rd period - Alex Galchenyuk wins face-off versus Oskar Sundqvist in neutral zone.
15:54 of 3rd period - Shot by Kyle Palmieri.
15:54 of 3rd period - Stopped by Connor Hellebuyck without a rebound.
15:55 of 3rd period - T.J. Oshie wins face-off versus Dominik Simon in OTTAWA zone.
17:28 of 3rd period - Icing by Zach Bogosian.
17:29 of 3rd period - Marcus Sorensen wins face-off versus Luke Glendening in OTTAWA zone.
17:51 of 3rd period - Oskar Sundqvist is hit by Luke Glendening and loses puck.
18:00 of 3rd period - Shot by Cody Goloubef.
18:00 of 3rd period - Shot Misses the Net.
18:02 of 3rd period - Shot by Luke Glendening.
18:02 of 3rd period - Shot Misses the Net.
18:04 of 3rd period - Shot by Cody Goloubef.
18:04 of 3rd period - Shot Blocked by Brandon Davidson.
18:18 of 3rd period - Kyle Palmieri is hit by Oskar Sundqvist and loses puck.
18:24 of 3rd period - Eric Fehr is hit by Josh Gorges and loses puck.
18:39 of 3rd period - Shot by Alex Galchenyuk.
18:39 of 3rd period - Shot Misses the Net.
19:18 of 3rd period - Icing by Zach Bogosian.
19:19 of 3rd period - T.J. Oshie wins face-off versus Anton Slepyshev in OTTAWA zone.
19:39 of 3rd period - Shot by Taylor Hall.
19:39 of 3rd period - Stopped by Connor Hellebuyck without a rebound.
19:40 of 3rd period - Oskar Sundqvist wins face-off versus Kyle Brodziak in OTTAWA zone.
19:42 of 3rd period - Icing by Eric Fehr.
19:43 of 3rd period - Steven Stamkos wins face-off versus Oskar Sundqvist in OTTAWA zone.
19:45 of 3rd period - T.J. Oshie is hit by Jeff Schultz and loses puck.
Goals for this period are 0 for OTTAWA vs 1 for DETROIT.
Shots for this period are 11 for OTTAWA vs 8 for DETROIT.